 Dungeon Crawl Stone Soup version 0.29-a0-214-g17f627cfee (webtiles) character file.

Game seed: 2024833106866777717

11 sammy202020 the Skirmisher (level 2, -5/36 HPs)
             Began as a Demonspawn Berserker on Feb 25, 2022.
             Was a Follower of Trog.
             Slain by an orc
             ... wielding a +0 trident
              (8 damage)
             ... on level 2 of the Dungeon.
             The game lasted 00:03:18 (1038 turns).

sammy202020 the Skirmisher (Demonspawn Berserker)   Turns: 1038, Time: 00:03:19

Health: -5/36      AC:  3    Str: 17    XL:     2   Next: 13%
Magic:  2/2        EV:  9    Int:  8    God:    Trog [*.....]
Gold:   71         SH:  0    Dex: 12    Spells: 1/1 levels left

rFire   . . .      SeeInvis .   a - +0 spear
rCold   . . .      Faith    .   (no shield)
rNeg    . . .      Spirit   .   d - +0 leather armour
rPois   .          Reflect  .   (no helmet)
rElec   .          Harm     .   (no cloak)
rCorr   .          Rampage  .   (no gloves)
Will    .....                   (no boots)
Stlth   ..........              (no amulet)
HPRegen 0.12/turn               (no ring)
MPRegen 0.08/turn               (no ring)

@: berserking, constricted, very quick
A: demonic guardian 1
a: Renounce Religion, Berserk


You were on level 2 of the Dungeon.
You worshipped Trog.
Trog was aware of your devotion.
You visited 1 branch of the dungeon, and saw 3 of its levels.

You collected 71 gold pieces.

Inventory:

Hand Weapons
 a - a +0 spear (weapon)
Armour
 b - a +0 animal skin
 d - a +0 leather armour (worn)
Jewellery
 e - a +4 ring of protection
 f - a ring of see invisible
Scrolls
 c - a scroll of immolation {unknown}
 g - a scroll of vulnerability {unknown}


   Skills:
 + Level 3.1 Fighting
 + Level 2.8 Polearms
 + Level 2.0 Armour
 + Level 2.0 Dodging


You had one spell level left.
You didn't know any spells.
Your spell library was empty.

Dungeon Overview and Level Annotations

Branches:
Dungeon (3/15)

Altars:


Innate Abilities, Weirdness & Mutations

A weak demonic guardian rushes to your aid.


Message History

The orc wizard barely misses you. The endoplasm barely misses you.
Okay, then.
The orc hits you with a +0 trident.
A demonic guardian appears!
The goblin hits you with a +0 dagger.
The orc wizard gestures at you while chanting.
You resist with significant effort. The ball python bites your quasit.
The ball python misses your quasit. The ball python barely misses you.
The ball python grabs you. The ball python constricts you.
There is a stone staircase leading up here.
You escape the ball python's grasp.
The orc barely misses you. The goblin hits you with a +0 dagger.
The orc wizard casts a spell at you.
You are more confused.
Your quasit bites the ball python.
Your quasit claws the ball python. x2
The ball python dies!
Trog accepts your kill.
You climb upwards.
Your summoned ally is left behind.
There is a stone staircase leading down here.
The orc misses you.
The orc wizard casts a spell.
The orc wizard flickers and vanishes!
Deactivating autopickup; reactivate with Ctrl-A.
The goblin closely misses you. The orc barely misses you.
A magic dart appears from out of thin air!
The magic dart hits you!
* * * LOW HITPOINT WARNING * * *
The orc closely misses you.
You're too confused to move!
The orc closely misses you. The ball python closely misses you.
The ball python barely misses you.
You feel less confused.
You closely miss the ball python. The ball python bites you.
* * * LOW HITPOINT WARNING * * *
The ball python grabs you. The ball python constricts you.
* * * LOW HITPOINT WARNING * * *
A red film seems to cover your vision as you go berserk!
You feel yourself moving faster!
You feel mighty! The ball python barely misses you.
The ball python constricts you.
The orc hits you from afar with a +0 trident!
You die...

......#.###..##....#########...#.
..._...#.##..##..................
#.....###..........#########...##
#.....# #<...##....##.....###.###
###..## #.#...#....##.###.# #.##.
# ##.## #.....#...###.###.# #.##.
#####.###.......#.......#.# #.##.
.......#..)...#...###.#.#.# #.##.
#######.#.......@##...>.#.###.##.
# #.##....##S##o#.#.......... #
#..........o............#.. #
####...###.##g.##.#........ #
#..............########. #
#..####.################ ######
#..# #.................
.....#####..# ##################
####.....<..#


You could see an orc and a ball python.

Vanquished Creatures
  An endoplasm (D:2)
  A goblin (D:2)
  3 hobgoblins
  A quokka (D:2)
  A bat (D:1)
  A kobold (D:2)
8 creatures vanquished.

Vanquished Creatures (collateral kills)
  A ball python (D:3)
1 creature vanquished.

Grand Total: 9 creatures vanquished

Notes
Turn   | Place    | Note
-------+----------+-------------------------------------------
     0 | D:1      | sammy202020 the Demonspawn Berserker began the quest for
                  | the Orb.
     0 | D:1      | Reached XP level 1. HP: 18/18 MP: 1/1
    39 | D:1      | You fall into a shaft and drop 1 floor!
   339 | D:2      | Found a faded altar of an unknown god.
   731 | D:2      | Gained mutation: A weak demonic guardian rushes to your
                  | aid. [demonic ancestry]
   731 | D:2      | Reached XP level 2. HP: 12/24 MP: 2/2
  1038 | D:2      | Slain by an orc

Illustrated notes

Levels and vault maps discovered:
D:1:      roderic_crossed_star, layout_loops_cross, minmay_hexomino_c4
D:2:      layout_loops_ring, ebering_ecumenical_altar_sacrificial,
          chequers_serial_rivers_large_b, kennysheep_generic_room_3
D:3:      minmay_octagon_keep, layout_rooms, minmay_lizard_king, uniq_robin

Skill      XL: |  1 |
---------------+----+-----
Armour         | 2 |  2.0
Dodging        | 2 |  2.0
Fighting       | |  3.1
Polearms       | |  2.8

Action                   || total
-------------------------++-------
Melee: Spear             ||    37
Invok: Berserk           ||     1
Armor: Leather armour    ||     5
Dodge: Dodged            ||    34

Table legend: (Time is in decaauts)
 A = Elapsed time spent in this place.
 B = Non-inter-level travel time spent in this place.
 C = Inter-level travel time spent in this place.
 D = Time resting spent in this place.
 E = Time spent auto-exploring this place.
 F = Levels seen in this place.
 G = Mean time per level.
                   A        B        C        D        E       F      G
               +--------+--------+--------+--------+--------+-----+--------+
         Total |   1067 |   1059 |      8 |      0 |    933 |   3 |  355.7 |
       Dungeon |   1067 |   1059 |      8 |      0 |    933 |   3 |  355.7 |
               +--------+--------+--------+--------+--------+-----+--------+

Top non-repeatable levels by time:
     D:2: 1014 daAuts
     D:1: 39 daAuts
     D:3: 13 daAuts
